 Dungeon Crawl Stone Soup version 0.29.1 (webtiles) character file.

Game seed: 4652457665590082624

12 Icepheonix32 the Ducker (level 2, -1/31 HPs)
             Began as a Merfolk Transmuter on Sept 13, 2022.
             Slain by a kobold
             ... wielding a +0 dagger
              (3 damage)
             ... on level 1 of the Dungeon.
             The game lasted 00:00:51 (471 turns).

Icepheonix32 the Ducker (Merfolk Transmuter)         Turns: 471, Time: 00:00:52

Health: -1/31      AC: 21    Str:  9    XL:     2   Next: 33%
Magic:  5/5        EV:  2    Int: 16    God:
Gold:   11         SH:  0    Dex: 13    Spells: 4/5 levels left

rFire   . . .      SeeInvis .   d - +1 dagger (speed)
rCold   . . .      Faith    .   (no shield)
rNeg    . . .      Spirit   .   (body armour currently unavailable)
rPois   +          Reflect  .   (helmet currently unavailable)
rElec   .          Harm     .   (cloak currently unavailable)
rCorr   .          Rampage  .   (gloves currently unavailable)
Will    .....      NoTele   +   (boots currently unavailable)
Stlth   +.........              (no amulet)
HPRegen 0.10/turn               (no ring)
MPRegen 0.09/turn               (no ring)

@: tree-form
A: stationary, stasis, torment immunity, boosted hp, (nimble swimmer 2),
(mertail), clever 1, (deformed body), (fire resistance 1)
a: no special abilities


You were on level 1 of the Dungeon.
You were a tree.
You visited 1 branch of the dungeon, and saw 1 of its levels.

You collected 11 gold pieces.

Inventory:

Hand Weapons
 d - a +1 dagger of speed (weapon)
Armour
 a - a +0 robe (melded)


   Skills:
 - Level 1.1 Fighting
 + Level 3.4 Dodging
 - Level 3.2 Unarmed Combat
 - Level 2.0 Spellcasting
 + Level 3.3 Transmutations


You had 4 spell levels left.
You knew the following spells:

 Your Spells              Type           Power      Damage    Failure   Level
a - Beastly Appendage     Tmut           24%        N/A       5%          1

Your spell library contained the following spells:

 Spells                   Type           Power      Damage    Failure   Level
 Wereblood                Tmut           12%        N/A       8%          2
 Spider Form              Tmut/Pois      6%         N/A       32%         3
 Ice Form                 Ice/Tmut       6%         N/A       71%         4


Dungeon Overview and Level Annotations

Branches:
Dungeon (1/15)

Altars:


Innate Abilities, Weirdness & Mutations

You are a tree.
Your roots penetrate the ground, keeping you stationary.
You cannot be teleported.
You are immune to unholy pain and torment.
Your maximum health is greatly increased.
Your equipment is partially melded.
((You are very nimble when in or above water. (Stealth+, EV+, Speed+++)))
((Your lower body shifts to a powerful aquatic tail in water.))
Your mind is acute. (Int +4, Str/Dex -1)
((Armour fits poorly on your strangely shaped body.))
((Your flesh is heat resistant. (rF+)))


Message History

The hobgoblin closely misses you. The kobold attacks as you move away!
The kobold closely misses you. The rat attacks as you move away!
The rat closely misses you.
The kobold throws a stone.
The stone barely misses you. The hobgoblin attacks as you move away!
The hobgoblin hits you.
* * * LOW HITPOINT WARNING * * *
The hobgoblin attacks as you move away! The hobgoblin closely misses you.
The rat attacks as you move away! The rat bites you but does no damage.
Your horns disappear.
The hobgoblin attacks as you move away! The hobgoblin misses you.
The rat attacks as you move away! The rat closely misses you.
The hobgoblin attacks as you move away! The hobgoblin barely misses you.
The hobgoblin attacks as you move away! The hobgoblin hits you.
* * * LOW HITPOINT WARNING * * *
Really quaff the potion of lignification?
You turn into a tree.
Your +0 robe melds into your body.
Your roots penetrate the ground.
The hobgoblin hits you but does no damage.
Unknown command.
You hit the rat.
You kill the rat!
The hobgoblin hits you but does no damage.
You cannot move.
Unknown command.
You are too injured to fight recklessly!
You hit the hobgoblin but do no damage. You punch the hobgoblin.
You kill the hobgoblin!
Unknown command.
It was a potion of mutation.
You feel extremely strange.
Your body twists and deforms.
You feel clever.
You feel resistant to heat.
The kobold throws a stone.
The stone hits you but does no damage.
Unknown command.
You barely miss the kobold. The kobold hits you but does no damage.
You barely miss the kobold. The kobold hits you but does no damage.
You hit the kobold.
The kobold is moderately wounded.
You hit the kobold.
The kobold is severely wounded.
The kobold hits you with a +0 dagger.
You die...

###### # #....# .
######....# .. ....
####.........# .. .....
#..........#######.. .....
#..............!....
.....##..K................
.........♣####............
..........# #............
..........# #............
........÷.#############...
##+#.##...#.........## ...
#........'..........# ...
#.......###..........# ...
#.......# #..........# ...
#.......# #..........#


You could see a kobold.

Vanquished Creatures
  3 ball pythons (D:1)
  A bat (D:1)
  An endoplasm (D:1)
  A goblin (D:1)
  2 hobgoblins (D:1)
  A kobold (D:1)
  A rat (D:1)
10 creatures vanquished.

Notes
Turn   | Place    | Note
-------+----------+-------------------------------------------
     0 | D:1      | Icepheonix32 the Merfolk Transmuter began the quest for the
                  | Orb.
     0 | D:1      | Reached XP level 1. HP: 15/15 MP: 3/3
   243 | D:1      | Reached XP level 2. HP: 14/21 MP: 3/5
   462 | D:1      | HP: 1/21 [hobgoblin (4)]
   466 | D:1      | Gained mutation: Armour fits poorly on your strangely
                  | shaped body. [potion of mutation]
   466 | D:1      | Gained mutation: Your mind is acute. (Int +4, Str/Dex -1)
                  | [potion of mutation]
   466 | D:1      | Gained mutation: Your flesh is heat resistant. (rF+)
                  | [potion of mutation]
   471 | D:1      | Slain by a kobold

Illustrated notes

Levels and vault maps discovered:
D:1:      spicycebolla_arrival_risky_transporter, layout_basic,
          minmay_shallow_snake_nest

Skill      XL: |  1 |
---------------+----+-----
Dodging        | 3 |  3.4
Transmutations | 3 |  3.3
Fighting       | |  1.1
Unarmed Combat | |  3.2
Spellcasting   | |  2.0

Action                   || total
-------------------------++-------
Melee: Unarmed           ||    26
       Headbutt          ||     3
       Punch             ||     2
       Dagger            ||    10
 Cast: Beastly Appendage ||     5
  Use: Potion            ||     2
Armor: Robe              ||     7
       Skin              ||     5
Dodge: Dodged            ||    44
